 Dungeon Crawl Stone Soup version 0.32-a0-470-g255bbe2f98 (webtiles) character file.

Game seed: 13488098332989079523

79 Conn the Sneak (level 4, 0/27 HPs)
             Began as an Octopode Fire Elementalist on Feb 25, 2024.
             Slain by a cerulean imp
             ... wielding a +0 spear
             ... summoned by Natasha
              (3 damage)
             ... on level 2 of the Dungeon.
             The game lasted 00:01:59 (1115 turns).

Conn the Sneak (Octopode Fire Elementalist)         Turns: 1115, Time: 00:02:00

Health: 0/27       AC:  1    Str: 10    XL:     4   Next: 37%
Magic:  1/7        EV: 13    Int: 19    God:
Gold:   76         SH:  0    Dex: 12    Spells: 7/8 levels left

rFire   . . .        i - +11 dagger "Ankimus" {spect, +Blink Str+3}
rCold   . . .        (no shield)
rNeg    . . .        (helmet restricted)
rPois   .            (no amulet)
rElec   .            (no ring)
rCorr   .            (no ring)
SInv    .            (no ring)
Will    .....        (no ring)
Stlth   +++          (no ring)
HPRegen 0.24/turn    (no ring)
MPRegen 0.10/turn    (no ring)
                     (no ring)

%: no passive effects
@: no status effects
A: almost no armour, amphibious, 8 rings, camouflage 1, gelatinous body 1,
(nimble swimmer 1), tentacles
a: Evoke Blink


You were on level 2 of the Dungeon.
You visited 1 branch of the dungeon, and saw 2 of its levels.

You collected 76 gold pieces.

Inventory:

Hand Weapons
 i - the +11 dagger "Ankimus" (weapon) {spect, +Blink Str+3}
   (You found it on level 2 of the Dungeon)

   Str+3:     It affects your strength (+3).
   +Blink:    It lets you blink.
Missiles
 l - 2 poisoned darts
Scrolls
 b - a scroll of fear {unknown}
 c - a scroll of noise {unknown}
 d - a scroll of poison {unknown}
 f - a scroll of enchant armour {unknown}
 g - a scroll of blinking {unknown}
 k - a scroll of enchant weapon {unknown}
 m - a scroll of identify {unknown}
Potions
 a - a potion of magic
 e - 2 potions of heal wounds {unknown}
 h - a potion of invisibility {unknown}
 j - a potion of berserk rage {unknown}
 n - a potion of haste {unknown}


   Skills:
 + Level 2.6 Dodging
 + Level 3.7 Stealth
 + Level 2.5 Spellcasting
 + Level 1.9 Conjurations
 + Level 3.4 Fire Magic


You had 7 spell levels left.
You knew the following spells:

 Your Spells              Type           Power      Damage    Failure   Level
a - Foxfire               Conj/Fire      48%        2x1d6     5%          1

Your spell library contained the following spells:

 Spells                   Type           Power      Damage    Failure   Level
 Scorch                   Fire           30%        2d6       6%          2
 Apportation              Tloc           4%         N/A       16%         1
 Jinxbite                 Hex            4%         N/A       24%         2
 Inner Flame              Hex/Fire       9%         N/A       24%         3
 Volatile Blastmotes      Fire/Tloc      18%        2d11      24%         3
 Flame Wave               Conj/Fire      12%        2d6       45%         4
 Alistair's Intoxication  Alch           1%         N/A       99%         5


Dungeon Overview and Level Annotations

Branches:
Dungeon (2/15)

Altars:

Annotations:
D:2 Natasha


Innate Abilities, Weirdness & Mutations

You cannot wear most types of armour.
You are amphibious.
You can wear up to eight rings at the same time.
Your skin changes colour to match your surroundings (Stealth+).
Your rubbery body absorbs attacks. (AC +1, EV +1)
((You are camouflaged when in or above water. (Stealth+)))
You have tentacles for arms and can constrict up to eight enemies at once.


Message History

You kill the cerulean imp!
The cerulean imp disappears in a puff of smoke!
Natasha zaps a wand.
The puff of flame hits you!
Natasha mumbles some strange words.
Casting: Foxfire (safe; 5% risk of failure)
Confirm with . or Enter, or press ? or * to list all spells.
You conjure some foxfire!
Unknown command.
The foxfire hits Natasha.
Natasha is moderately wounded.
The foxfire hits Natasha.
Natasha is heavily wounded.
Unknown command.
Casting: Foxfire (safe; 5% risk of failure)
Confirm with . or Enter, or press ? or * to list all spells.
You conjure some foxfire!
Natasha extends her claws.
Unknown command.
The foxfire hits Natasha.
Natasha is heavily wounded.
The foxfire hits Natasha.
Natasha is severely wounded.
Natasha casts a spell at you. The magic dart hits you!
* * * LOW HITPOINT WARNING * * *
You see here a +2 scale mail of cold resistance.
Unknown command.
Unknown command.
Unknown command.
Casting: Foxfire (safe; 5% risk of failure)
Confirm with . or Enter, or press ? or * to list all spells.
You conjure some foxfire!
Unknown command.
A giant cockroach comes into view.
Found a runed cloak.
The foxfire hits the cerulean imp.
The cerulean imp is moderately wounded.
The foxfire hits the cerulean imp.
The cerulean imp is moderately wounded.
The cerulean imp hits you from afar with a +0 spear.
You die...

#### B.. #..# [.. ##.# ...
#.# ### #.# #.## ... #.#
#..# #.## #.# . . #..###
#...# ##.###.... ..#.....
#..####§@.....# #.#.##..
#.####...h5[#.###.#
#.#.##.. ...)....5####.#
#.# #.#....# #.######..#
#.. #.# #.....## ##.#
#.##.# ##...## ..######.#
#..#.# #.)†#
#.<......#####...## #...#
#.######..........####(..#
# #...##.#.#####....##...#


You could see Natasha, 2 cerulean imps and a giant cockroach (asleep).

Vanquished Creatures
  Natasha (twice) (D:2)
  A ribbon worm (D:2)
  A dart slug (D:1)
  4 ball pythons
  4 bats
  2 endoplasms (D:1)
  A giant cockroach (D:1)
  A goblin (D:1)
  A hobgoblin (D:2)
  2 jackals (D:2)
  2 kobolds (D:2)
  3 rats
24 creatures vanquished.

Vanquished Creatures (others)
  56 foxfires
56 creatures vanquished.

Grand Total: 80 creatures vanquished

Notes
Turn   | Place    | Note
-------+----------+-------------------------------------------
     0 | D:1      | Conn the Octopode Fire Elementalist began the quest for the
                  | Orb.
     0 | D:1      | Reached XP level 1. HP: 11/11 MP: 3/3
   220 | D:1      | Found a faded altar of an unknown god.
   245 | D:1      | Reached XP level 2. HP: 9/17 MP: 1/5
   895 | D:2      | Identified the +11 dagger "Ankimus" {spect, +Blink Str+3}
   997 | D:2      | Noticed Natasha
  1005 | D:2      | Killed Natasha
  1006 | D:2      | Reached XP level 3. HP: 20/21 MP: 6/6
  1060 | D:2      | Noticed Natasha
  1063 | D:2      | Killed Natasha
  1064 | D:2      | Reached XP level 4. HP: 27/27 MP: 7/7
  1102 | D:2      | Noticed Natasha
  1115 | D:2      | Slain by a cerulean imp

Illustrated notes

Levels and vault maps discovered:
D:1:      erik_arrival_orb_chamber, layout_basic, ebering_ecumenical_altar_webs,
          corexii_corridor_pit
D:2:      layout_rooms, uniq_natasha

Skill      XL: |  1  2 |
---------------+-------+-----
Stealth        | 3 |  3.7
Dodging        | |  2.6
Spellcasting   | |  2.5
Conjurations   | |  1.9
Fire Magic     | |  3.4

Action                     |  1- 3 |  4- 6 || total
---------------------------+-------+-------++-------
  Melee: Unarmed           |     8 |       ||     8
         Constrict         |     5 |       ||     5
         Dagger            |    16 |       ||    16
         Tentacles         |     2 |       ||     2
   Cast: Foxfire           |    26 |     7 ||    33
 Armour: Skin              |    13 |     4 ||    17
  Dodge: Dodged            |    28 |       ||    28

Table legend: (Time is in decaauts)
 A = Elapsed time spent in this place.
 B = Non-inter-level travel time spent in this place.
 C = Inter-level travel time spent in this place.
 D = Time resting spent in this place.
 E = Time spent auto-exploring this place.
 F = Levels seen in this place.
 G = Mean time per level.
                   A        B        C        D        E       F      G
               +--------+--------+--------+--------+--------+-----+--------+
         Total |   1114 |   1080 |     34 |      0 |    831 |   2 |  557.0 |
       Dungeon |   1114 |   1080 |     34 |      0 |    831 |   2 |  557.0 |
               +--------+--------+--------+--------+--------+-----+--------+

Top non-repeatable levels by time:
     D:1: 890 daAuts
     D:2: 224 daAuts
